 Dungeon Crawl Stone Soup version 0.30-b1-2-g02819fbbbe (webtiles) character file.

Game seed: 14095143847044652842

383 sanka the Covert (level 6, 0/32 HPs)
             Began as a Spriggan Delver on May 15, 2023.
             Was an Initiate of Ru.
             Slain by an ufetubus (2 damage)
             ... on level 5 of the Dungeon.
             The game lasted 00:07:36 (3162 turns).

sanka the Covert (Spriggan Delver)                  Turns: 3162, Time: 00:07:37

Health: 0/32       AC:  2    Str:  8    XL:     6   Next: 47%
Magic:  0/11       EV: 19    Int: 18    God:    Ru [......]
Gold:   283        SH:  0    Dex: 18    Spells: 8/11 levels left

rFire   . . .        a - +0 short sword
rCold   . . .        (no shield)
rNeg    . . .        b - +0 robe
rPois   .            (helmet restricted)
rElec   .            (no cloak)
rCorr   .            (gloves unavailable)
SInv    +            (boots unavailable)
Will    +....        w - amulet of guardian spirit
Stlth   ++++         u - ring of wizardry
HPRegen 0.25/turn    y - +6 ring of intelligence
MPRegen 0.12/turn

%: guardian spirit, wizardry (x1)
@: very quick
A: very small, no large weapons, unfitting armour, see invisible, speed 3
a: Renounce Religion


You were on level 5 of the Dungeon.
You worshipped Ru.
Ru was noncommittal.
You visited 2 branches of the dungeon, and saw 6 of its levels.

You collected 283 gold pieces.

Inventory:

Hand Weapons
 a - a +0 short sword (weapon)
 q - a +0 dagger
 r - a +0 dagger
Missiles
 j - 8 boomerangs
Armour
 b - a +0 robe (worn)
Jewellery
 u - a ring of wizardry (left hand)
 w - an amulet of guardian spirit (around neck)
 y - a +6 ring of intelligence (right hand)
Wands
 g - a wand of digging (3)
 m - a wand of mindburst (15)
Scrolls
 c - a scroll of fog
 d - a scroll of magic mapping
 e - a scroll of fear
 h - 3 scrolls of poison {unknown}
 n - a scroll of blinking {unknown}
 p - 3 scrolls of teleportation {unknown}
 t - a scroll of identify {unknown}
 x - a scroll of noise {unknown}
Potions
 f - a potion of haste {@q3}
 i - a potion of cancellation {unknown}
 k - 2 potions of heal wounds {unknown}
 l - 6 potions of curing {unknown}
 o - a potion of invisibility {unknown}
 s - a potion of lignification {unknown}
 v - a potion of might {unknown}
 z - a potion of attraction {unknown}
 A - a potion of flight {unknown}


   Skills:
 - Level 3.0 Fighting
 - Level 3.8 Short Blades
 - Level 4.4 Dodging
 - Level 8.4 Stealth
 - Level 3.0 Spellcasting
 + Level 3.3 Hexes


You had 8 spell levels left.
You knew the following spells:

 Your Spells              Type           Power      Damage    Failure   Level
a - Confusing Touch       Hex            14%        N/A       4%          3

Your spell library contained the following spells:

 Spells                   Type           Power      Damage    Failure   Level
 Tukima's Dance           Hex            14%        N/A       4%          3
 Apportation              Tloc           4%         N/A       6%          1
 Kiss of Death            Conj/Necr      8%         2d6       6%          1
 Necrotise                Necr           8%         1d4       6%          1
 Summon Small Mammal      Summ           8%         N/A       6%          1
 Dazzling Flash           Conj/Hex       16%        N/A       10%         3
 Volatile Blastmotes      Fire/Tloc      4%         2d10      19%         3
 Dispel Undead            Necr           2%         3d7       52%         4
 Iskenderun's Mystic Bla  Conj/Tloc      2%         2d3       52%         4
 Passage of Golubria      Tloc           2%         N/A       52%         4
 Yara's Violent Unravell  Hex/Tmut       4%         3d4       63%         5
 Starburst                Conj/Fire      1%         6d3       100%        6


Dungeon Overview and Level Annotations

Branches:
Dungeon (5/15)             Temple (1/1) D:4

Altars:
Ashenzari
Cheibriados
Dithmenos
Elyvilon
Fedhas
Gozag
Hepliaklqana
Nemelex Xobeh
Okawaru
Qazlal
Ru
Sif Muna
Trog
Wu Jian
Xom
The Shining One


Innate Abilities, Weirdness & Mutations

You are very small and have problems with some larger weapons.
You are too small for most types of armour.
You have supernaturally acute eyesight. (SInv)
You cover ground extremely quickly. (Speed+++)


Message History

The centaur hits you. The centaur kicks you. The centaur closely misses you. x2
You barely miss the centaur.
The centaur is moderately wounded.
An orc comes into view. It is wielding a +0 hand axe.
The centaur hits you but does no damage.
The centaur misses you.
Unknown command.
Your hands begin to glow red.
The phantom misses you.
You hit the phantom but do no damage.
The phantom appears confused.
The phantom hits you.
The phantom blinks!
You blink.
You hit the phantom but do no damage. You closely miss the phantom.
The orc misses you. The orc hits you with a +0 whip.
The orc hits you but does no damage.
An orc comes into view.
It is wielding a +0 flail and wearing a +1 leather armour of willpower.
The phantom hits you.
* * * LOW HITPOINT WARNING * * *
The phantom blinks!
You blink.
Found a glowing shortbow.
The orc moves out of view.
You catch the helpless phantom completely off-guard!
You puncture the phantom!
The phantom is heavily damaged.
An ufetubus comes into view.
The phantom misses you.
You hit the phantom but do no damage.
The phantom is heavily damaged.
A quokka comes into view.
You hit the phantom but do no damage.
The phantom is heavily damaged.
The centaur completely misses you. The centaur barely misses you.
The phantom hits the centaur!
The phantom blinks!
The ufetubus misses you. The ufetubus barely misses you.
Unknown command.
You hit the phantom but do no damage.
The phantom is heavily damaged.
The centaur hits you.
* * * LOW HITPOINT WARNING * * *
The centaur barely misses you. The ufetubus completely misses you.
The ufetubus hits you.
You die...

. ### r..
#W##.....
#@5...... .#
#oc#######.#
#o.### #.#
#....# #.##
#........o$.
#.##.#####.#
#........#.#
#.#..###...#
#..###...#######


You could see a phantom (confused), a centaur, 2 orcs, an ufetubus and a quokka.

Vanquished Creatures
  Sigmund (D:2)
  A water moccasin (D:4)
  Jessica (D:3)
  2 adders
  A worm (D:3)
  3 dart slugs
  3 orcs (D:3)
  9 ball pythons
  5 endoplasms
  3 giant cockroaches
  7 goblins
  9 hobgoblins
  A jackal (D:3)
  A quokka (D:3)
  10 bats
  2 frilled lizards
  5 kobolds
  6 rats
70 creatures vanquished.

Notes
Turn   | Place    | Note
-------+----------+-------------------------------------------
     0 | D:5      | sanka the Spriggan Delver began the quest for the Orb.
     0 | D:5      | Reached XP level 1. HP: 11/11 MP: 2/2
    24 | D:5      | Reached XP level 2. HP: 16/16 MP: 3/3
    26 | D:5      | Noticed a phantom
   308 | D:4      | Noticed a water moccasin
   424 | D:2      | Noticed Sigmund
   436 | D:2      | Killed Sigmund
   437 | D:2      | Reached skill level 8 in Stealth
   437 | D:2      | Reached XP level 3. HP: 20/20 MP: 4/4
   437 | D:2      | Reached XP level 4. HP: 24/24 MP: 5/5
   437 | D:2      | Reached XP level 5. HP: 28/28 MP: 6/6
   574 | D:1      | Learned a level 3 spell: Confusing Touch
  1119 | D:1      | Reached skill level 1 in Spellcasting
  1119 | D:1      | Reached skill level 1 in Hexes
  2676 | D:3      | Noticed Jessica
  2682 | D:3      | Killed Jessica
  2683 | D:3      | Reached XP level 6. HP: 32/32 MP: 8/10
  2858 | D:4      | Found a shimmering altar of Xom.
  2926 | D:4      | Found a staircase to the Ecumenical Temple.
  2941 | Temple   | Entered the Ecumenical Temple
  2946 | Temple   | Became a worshipper of Ru the Awakened
  2991 | D:4      | Killed a water moccasin
  3162 | D:5      | Slain by an ufetubus

Illustrated notes

Levels and vault maps discovered:
D:1:      lemuel_arrival_tunnels, layout_basic
D:2:      layout_basic, uniq_sigmund
D:3:      kennysheep_big_flooded_room, layout_basic, kennysheep_jessica_study
D:4:      layout_rooms, nicolae_overflow_crystal_walls,
          minmay_temple_entry_offerings, minmay_quantized
D:5:      layout_basic
Temple:   minmay_freezing_vapour_temple

Skill      XL: |  1  2  3  4  5  6 |
---------------+-------------------+-----
Dodging        | 3 4 |  4.4
Fighting       | 3 |  3.0
Short Blades   | 3 |  3.8
Stealth        | 8 |  8.4
Spellcasting   | 2 3 |  3.0
Hexes          | 2 3 |  3.3

Action                     |  1- 3 |  4- 6 || total
---------------------------+-------+-------++-------
  Melee: Short sword       |    33 |   212 ||   245
         Punch             |     1 |     2 ||     3
   Cast: Confusing Touch   |       |     1 ||     1
  Evoke: Wand              |       |     2 ||     2
    Use: Potion            |     1 |       ||     1
   Stab: Sleeping          |     5 |    20 ||    25
         Confused          |       |     1 ||     1
 Armour: Robe              |     7 |    25 ||    32
  Dodge: Dodged            |    21 |   159 ||   180
